[Event "*** SCC Grand Prix: Titled Tuesday Blitz"]
[Site "Chess.com"]
[Date "2020.10.06"]
[Round "3"]
[White "korkmaz16"]
[Black "ehrenfeld"]
[Result "0-1"]
[WhiteElo "2334"]
[BlackElo "2515"]
[TimeControl "180+1"]
[EndTime "10:27:47 PDT"]
[Termination "ehrenfeld won by resignation"]

1. e4 e5 2. Nf3 Nc6 3. Bc4 Nf6 4. d4 exd4 5. O-O Nxe4 6. Re1 d5 7. Bxd5 Qxd5 8.
Nc3 Qh5 9. Nxe4 Be6 10. Bg5 Bd6 11. h3 O-O 12. Nxd6 cxd6 13. Bf4 Qd5 14. Qd2 Bxh3 15. Bxd6 Qxd6 16. gxh3 Qf6 17. Kg2 Rad8 18. Rad1 Rd5 19. Re4 Rf5 20. Nxd4 Rg5+ 21. Rg4 Rxg4+ 22. hxg4 Rd8 23.
c3 Nxd4 24. cxd4 h5 25. f3 hxg4 26. fxg4 Qe6 27. Kg3 Qxa2 28. d5 Qb3+ 29. Kg2 Rd6 30. Qd4 Qc2+ 31. Rd2 Qb3 32. Qxa7 Rxd5 33. Qb8+ Kh7 34.
Qh2+ Kg6 35. Qf4 Rxd2+ 36. Qxd2 Qc4 37. Kg3 b5 38. Qd6+ f6 39. Qd2 Qe4 40. b4 Qe5+ 41. Kh3 Kh7 42. Qd3+ Kh6 43. Qd2+ g5 44. Qf2 Qf4 45. Qxf4 gxf4 46. Kg2 Kg6 47. Kf2 f5 48.
Kf3 Kg5 49. gxf5 Kxf5 50. Kf2 Ke4 51. Ke2 Kd4 52. Kf3 Kc4 53. Kxf4 Kxb4 54. Ke3 Kc3 55. Ke2 Kc2 56. Ke3 b4 57. Kd4 b3 58. Kc5 b2 59.
Kd4 b1=Q 60. Kc5 Qb3 0-1

[Event "*** SCC Grand Prix: Titled Tuesday Blitz"]
[Site "Chess.com"]
[Date "2020.10.06"]
[Round "3"]
[White "vanea_03"]
[Black "Artyom_ChessMate"]
[Result "1-0"]
[WhiteElo "2686"]
[BlackElo "2513"]
[TimeControl "180+1"]
[EndTime "10:27:48 PDT"]
[Termination "vanea_03 won by resignation"]

1. c4 e6 2. Nc3 d5 3. d4 Nf6 4.
cxd5 exd5 5. Bg5 c6 6. e3 Qb6 7.
Qc2 Ne4 8. Bf4 Bf5 9. Bd3 Na6 10. a3 Qa5 11. Rc1 Nxc3 12. Qxc3 Qxc3+ 13. Rxc3 Bxd3 14. Rxd3 Kd7 15. Nf3 f6 16. Rb3 b6 17. Ke2 Bd6 18. Bxd6 Kxd6 19. Rc1 Rac8 20. Rbc3 c5 21. dxc5+ bxc5 22.
b4 c4 23. Rd1 Rhe8 24. Nd4 Nc7 25. Rcc1 a6 26. Nf5+ Ke5 27. Nxg7 Rg8 28. f4+ Kd6 29.
Nf5+ Ke6 30. Nd4+ Kd6 31. Kf3 Nb5 32. Nf5+ Ke6 33. g4 Rgd8 34. a4 Nd6 35. Nd4+ Kf7 36. b5 axb5 37. axb5 Ne4 38. Ra1 Rd7 39. b6 c3 40. Ra7 Ke8 41. Rda1 Kd8 42. Rxd7+ Kxd7 43. Ra7+ Kd6 44. b7 Rb8 45. Ke2 Kc7 46. Kd3 Rxb7 47.
Nb5+ Kb6 48. Rxb7+ Kxb7 49. Nxc3 Nf2+ 50. Kd4 Nxg4 51. Nxd5 Kc6 52. h3 Nf2 53. Nxf6 Nxh3 54. Nxh7 Kd6 55. Ng5 Nf2 56. Ne4+ Nxe4 57. Kxe4 1-0

[Event "*** SCC Grand Prix: Titled Tuesday Blitz"]
[Site "Chess.com"]
[Date "2020.10.06"]
[Round "3"]
[White "chesslh19"]
[Black "amatatanav"]
[Result "1-0"]
[WhiteElo "2229"]
[BlackElo "2394"]
[TimeControl "180+1"]
[EndTime "10:27:48 PDT"]
[Termination "chesslh19 won on time"]

1. e4 c5 2. Nf3 Nc6 3. d4 cxd4 4. Nxd4 g6 5. Nc3 Bg7 6. Be3 Nf6 7. Bc4 O-O 8. Bb3 d5 9. exd5 Na5 10. h3 Nxb3 11. Nxb3 a6 12. a4 b6 13. O-O Bb7 14. Qd2 Nxd5 15.
Nxd5 Qxd5 16. Qxd5 Bxd5 17. Bxb6 Bxb2 18. Rad1 e6 19. Bd4 Ba3 20. Nc5 Bxc5 21. Bxc5 Rfc8 22.
Bd4 Rxc2 23. Rc1 Rac8 24. Rxc2 Rxc2 25. Rb1 Rc8 26. Be5 Kf8 27. Rb8 Rxb8 28. Bxb8 Ke7 29. a5 f6 30. f3 e5 31. Kf2 Ke6 32. Ke3 Bc4 33. Ba7 f5 34. g3 Kd5 35. Bb6 Bf1 36. h4 h6 37. Bd8 Kc5 38. Bc7 Kb5 39. g4 Bc4 40. h5 gxh5 41. gxh5 Bd5 42. Bxe5 Kxa5 43.
Bg7 1-0

[Event "*** SCC Grand Prix: Titled Tuesday Blitz"]
[Site "Chess.com"]
[Date "2020.10.06"]
[Round "3"]
[White "Chamal_Gedgafov"]
[Black "JuliaEfremova"]
[Result "1-0"]
[WhiteElo "2155"]
[BlackElo "2325"]
[TimeControl "180+1"]
[EndTime "10:27:48 PDT"]
[Termination "Chamal_Gedgafov won by checkmate"]

1. d4 Nf6 2. c4 c5 3. d5 b5 4. cxb5 a6 5. b6 d6 6. Nc3 g6 7.
e4 Bg7 8. a4 Qxb6 9. a5 Qc7 10.
Nf3 O-O 11. Be2 Bd7 12. O-O Bb5 13. Bd2 Bxe2 14. Qxe2 Nbd7 15. h3 Rfb8 16. Bf4 Rb4 17. Rfe1 Rab8 18. Ra2 Qb7 19. Bc1 c4 20. Nd4 Ne5 21.
Rd1 Nh5 22. Kh2 Nd3 23. Nc6 Nxb2 24. Bxb2 Rxb2 25. Rxb2 Qxb2 26. Nxb8 Qxb8 27. Qxc4 Be5+ 28. g3 Qb2 29. Ne2 Qa3 30. Qxa6 Qf3 31. Kg1 Qxe4 32. Qd3 Qa4 33. a6 Kg7 34. Kg2 f5 35. Rb1 Nf6 36. Rb7 Kf7 37. a7 Ne4 38. g4 Nc5 39. Qb5 Qe4+ 40. f3 Qe3 41. a8=Q Nd3 42. Qa7 Ne1+ 43.
Kf1 Qxf3+ 44. Kxe1 Qh1+ 45. Kd2 Qxh3 46. Rxe7+ Kf6 47.
Rf7+ Kg5 48. Qe3+ Qxe3+ 49. Kxe3 Bf4+ 50. Nxf4 fxg4 51. Nxg6 h6 52. Qd7 h5 53. Qe7+ Kxg6 54. Qf6# 1-0

[Event "*** SCC Grand Prix: Titled Tuesday Blitz"]
[Site "Chess.com"]
[Date "2020.10.06"]
[Round "3"]
[White "Koksik_13"]
[Black "Beca95"]
[Result "0-1"]
[WhiteElo "2674"]
[BlackElo "2895"]
[TimeControl "180+1"]
[EndTime "10:27:50 PDT"]
[Termination "Beca95 won on time"]

1. d4 Nf6 2. Nc3 d5 3. Bf4 a6 4. e3 c5 5. Nf3 cxd4 6. exd4 Bg4 7. Be2 Bxf3 8. Bxf3 e6 9. Ne2 Nc6 10. c3 h6 11. O-O g5 12. Be5 Nxe5 13. dxe5 Nd7 14. Bh5 Nxe5 15. f4 gxf4 16. Nxf4 Qb6+ 17. Kh1 O-O-O 18. Nd3 Nxd3 19. Qxd3 f5 20. Rae1 Rh7 21. Re2 Re7 22. Rfe1 Kb8 23. Bg6 f4 24. b4 Bg7 25. c4 dxc4 26. Qxc4 e5 27. Be4 Rc7 28. Qb3 Rd4 29. a3 Ka7 30. h3 h5 31. Qf3 h4 32.
Qg4 Bf6 33. Bf3 Rd3 34. a4 Qxb4 35. Qf5 Qd6 36. Kh2 Re3 37. Rxe3 fxe3 38. Qe4 Bg5 39. Rb1 Bf4+ 40. Kh1 Qe7 41. a5 Qh7 42. Qb4 e2 43.
Bxe2 Qxb1+ 44. Qxb1 Rc1+ 45. Qxc1 Bxc1 46. g3 hxg3 47. h4 e4 48. h5 Bd2 49. Kg2 Bxa5 50. h6 Bc3 51. Kxg3 b5 52. Kf4 Bd2+ 53. Kxe4 Bxh6 54.
Kd3 Kb6 55. Kc3 a5 56. Kb2 a4 57. Bd1 Kc5 58. Ka2 Bf4 59. Bc2 Kc4 60. Bd1 Kc3 61. Ka3 Bd6+ 62. Ka2 Kd2 63. Bg4 b4 64. Be6 Kc3 65.
Kb1 b3 66. Ka1 a3 0-1

[Event "*** SCC Grand Prix: Titled Tuesday Blitz"]
[Site "Chess.com"]
[Date "2020.10.06"]
[Round "3"]
[White "ailime26"]
[Black "serena-maria"]
[Result "0-1"]
[WhiteElo "1841"]
[BlackElo "2287"]
[TimeControl "180+1"]
[EndTime "10:27:50 PDT"]
[Termination "serena-maria won by checkmate"]

1. e4 c5 2. Nf3 Nf6 3. e5 Nd5 4. c4 Nc7 5. d4 cxd4 6. Nxd4 g6 7. f4 Bg7 8. Be2 Nc6 9. Be3 O-O 10. O-O d6 11. exd6 Qxd6 12. Nxc6 Qxc6 13. Qc2 Bf5 14. Qc1 Be4 15. Bf3 Rac8 16. Nc3 Bxf3 17. Rxf3 Qxc4 18.
Bf2 Nd5 19. Be1 Nxc3 20. Bxc3 Bxc3 21. Rxc3 Qd4+ 22. Kh1 Rxc3 23. bxc3 Qc4 24. Qe3 e6 25. Rb1 Qxa2 26. Rxb7 Qa1+ 27. Qg1 Qxg1+ 28. Kxg1 Ra8 29. c4 a5 30. c5 Rc8 31. Rb5 a4 32. Ra5 a3 33.
Rxa3 Rxc5 34. Kf2 Rc2+ 35. Kg3 Kg7 36. Kh3 Kf6 37. Kg3 h6 38. Kf3 g5 39. fxg5+ hxg5 40. Ra5 Kg6 41. h3 f5 42. Ra6 Kf6 43.
Ra5 Rb2 44. Ra6 Rb5 45. Ra8 Ke5 46. Rg8 Rb3+ 47. Kf2 Kf4 48. Rg6 Rb2+ 49. Kg1 e5 50. Kh2 e4 51. Re6 e3 52. Re8 Rb5 53. Re7 Re5 54. g3+ Ke4 55. Ra7 Kf3 56. Ra1 Kf2 57. Ra2+ e2 58. h4 gxh4 59. gxh4 Kf1 60. Ra1+ e1=Q 61.
Rxe1+ Kxe1 62. h5 Kf2 63. h6 Re6 64. h7 Rh6# 0-1

[Event "*** SCC Grand Prix: Titled Tuesday Blitz"]
[Site "Chess.com"]
[Date "2020.10.06"]
[Round "3"]
[White "vaishali2001"]
[Black "semchik73"]
[Result "1-0"]
[WhiteElo "2527"]
[BlackElo "2304"]
[TimeControl "180+1"]
[EndTime "10:27:51 PDT"]
[Termination "vaishali2001 won by resignation"]

1. d4 d5 2. Bf4 c6 3. Nd2 Nf6 4. e3 Bf5 5. Ngf3 e6 6. c4 Bd6 7. Bxd6 Qxd6 8. Qb3 Qc7 9. Be2 O-O 10. O-O Nbd7 11.
Rac1 a5 12. a4 Qb6 13. Qxb6 Nxb6 14. b3 dxc4 15. Nxc4 Nxc4 16. bxc4 c5 17. Ne5 cxd4 18. exd4 Rfd8 19. Rfd1 h6 20. f3 Rac8 21. Kf2 Rd6 22.
g4 Bh7 23. Ke3 Rb6 24. h4 Rb4 25. g5 hxg5 26. hxg5 Ne8 27. Rh1 Bf5 28. Rh2 Kf8 29. Rh8+ Ke7 30. Ra1 Nd6 31. Rxc8 Nxc8 32. c5 f6 33.
gxf6+ gxf6 34. Nc4 Rb3+ 35. Kf2 Bd3 36. Bxd3 Rxd3 37.
Rb1 Rxd4 38. Rxb7+ Kd8 39. Nxa5 Rxa4 40. Nc6+ Ke8 41.
Rc7 Ra8 42. Kg3 e5 43. Kg4 Ra4+ 44. Kf5 Rf4+ 45. Ke6 1-0

[Event "*** SCC Grand Prix: Titled Tuesday Blitz"]
[Site "Chess.com"]
[Date "2020.10.06"]
[Round "3"]
[White "Morshynska"]
[Black "kreonx"]
[Result "1-0"]
[WhiteElo "2207"]
[BlackElo "2348"]
[TimeControl "180+1"]
[EndTime "10:27:51 PDT"]
[Termination "Morshynska won by checkmate"]

1. Nf3 g6 2. g3 Bg7 3. Bg2 e5 4. O-O Nc6 5. c4 d6 6. Nc3 Be6 7. Nd5 h6 8. Rb1 Qd7 9. Re1 f5 10. d3 Nd8 11. e4 c6 12. Nc3 Nf6 13. d4 Nxe4 14. dxe5 Nxc3 15. bxc3 dxe5 16. Qxd7+ Kxd7 17. Nxe5+ Bxe5 18. Rxe5 Bxc4 19. Ba3 Be6 20. Rd1+ Kc7 21. Rxd8 Raxd8 22. Rxe6 Rhe8 23. Rxe8 Rxe8 24. Kf1 b6 25. h4 c5 26. Bc1 h5 27. Bf4+ Kd7 28. Bd5 b5 29.
Bf7 Rc8 30. Bxg6 Ke6 31. Bxh5 b4 32. c4 a5 33. Bd1 Rd8 34. Ke2 Rd4 35. h5 Kf6 36. h6 Kg6 37. Bb3 a4 38. Bxa4 Rxc4 39. Bb3 Rc3 40. Bg8 c4 41. h7 Rc2+ 42. Kd1 b3 43.
h8=Q bxa2 44. Qh6# 1-0

[Event "*** SCC Grand Prix: Titled Tuesday Blitz"]
[Site "Chess.com"]
[Date "2020.10.06"]
[Round "3"]
[White "VitaliyBernadskiy"]
[Black "LiemLe"]
[Result "0-1"]
[WhiteElo "2729"]
[BlackElo "2983"]
[TimeControl "180+1"]
[EndTime "10:27:52 PDT"]
[Termination "LiemLe won by resignation"]

1. e4 c6 2. d4 d5 3. f3 dxe4 4.
fxe4 e5 5. Nf3 Bg4 6. Bc4 Nd7 7. O-O Ngf6 8. c3 b5 9. Be2 Qc7 10. a4 b4 11. dxe5 Nxe5 12. Nxe5 Bxe2 13. Qxe2 Qxe5 14. Bf4 Bc5+ 15. Kh1 Qxe4 16. Qxe4+ Nxe4 17. Nd2 Nf2+ 18. Kg1 Nd3+ 19. Kh1 bxc3 20. bxc3 Nf2+ 21. Kg1 Ne4+ 22. Kh1 Nf2+ 23. Kg1 Nd3+ 24. Kh1 O-O 25. Bg3 Rfe8 26.
Nc4 Rad8 27. Na5 Bb6 28. Nxc6 Rc8 29. Nb4 Rxc3 30. Nd5 Rc2 31. Rad1 Nf2+ 32. Bxf2 Bxf2 33. Nb4 Rce2 34. Nd3 Bb6 35. Nf4 Ra2 36. Rd7 Rxa4 37. Nd5 Rf8 38. h3 h6 39. Ne7+ Kh7 40. Nd5 Bd4 41. Re1 a5 42. Ree7 Ra1+ 43. Kh2 a4 44.
Nf4 Bf6 45. Re4 a3 46. Nd5 Bb2 47. Ra7 Rd1 48. Ne3 Re1 49. Re6 0-1

[Event "*** SCC Grand Prix: Titled Tuesday Blitz"]
[Site "Chess.com"]
[Date "2020.10.06"]
[Round "3"]
[White "Oligan22"]
[Black "nitpicker"]
[Result "1-0"]
[WhiteElo "2425"]
[BlackElo "2245"]
[TimeControl "180+1"]
[EndTime "10:27:52 PDT"]
[Termination "Oligan22 won on time"]

1. e4 d5 2. exd5 Qxd5 3. Nf3 Nf6 4. d4 c6 5. c4 Qd8 6. Nc3 Bf5 7. Be2 e6 8. O-O h6 9. Qb3 Qb6 10. Be3 Ng4 11. Ne5 Nxe3 12. fxe3 Bd6 13. Qxb6 axb6 14. Nxf7 Kxf7 15. e4 Kg6 16. exf5+ exf5 17. Bd3 Rf8 18. g4 Kh7 19. Bxf5+ Kh8 20. a3 Na6 21. Rae1 Rae8 22. Ne4 Bb8 23. Bg6 Rd8 24. b4 Kg8 25. Rxf8+ Rxf8 26. d5 Be5 27. d6 Rd8 28. c5 bxc5 29. bxc5 Nxc5 30. Nxc5 Bd4+ 31. Kg2 Bxc5 32. d7 Rxd7 33.
Re8+ Bf8 34. h4 b5 35. Ra8 Re7 36. Kf3 Re5 37. Kf4 Rc5 38. h5 Rc3 39. Be4 Rxa3 40. Rc8 Rc3 41. Bxc6 Rc4+ 42. Kf5 Rd4 43. Ke6 b4 44.
Ke5 Rd1 45. Bd5+ Kh7 46. Rxf8 Re1+ 47. Be4+ 1-0

[Event "*** SCC Grand Prix: Titled Tuesday Blitz"]
[Site "Chess.com"]
[Date "2020.10.06"]
[Round "3"]
[White "AsaHoffmann"]
[Black "Fh2411"]
[Result "1-0"]
[WhiteElo "2349"]
[BlackElo "2520"]
[TimeControl "180+1"]
[EndTime "10:27:53 PDT"]
[Termination "AsaHoffmann won by resignation"]

1. d4 d5 2. Bg5 c6 3. e3 Bf5 4. c4 Qb6 5. Qb3 Qxb3 6. axb3 Bxb1 7. Rxb1 e6 8. Bd3 Nd7 9. Nf3 Ngf6 10. Ke2 Bd6 11. Bf4 Ke7 12. Bxd6+ Kxd6 13. Rhd1 h6 14.
h3 Rhe8 15. Kf1 Kc7 16. Ra1 e5 17. Bf5 exd4 18. Bxd7 Kxd7 19. cxd5 Nxd5 20. Nxd4 g6 21. Rac1 a6 22. Rc2 Kc7 23. Nb5+ axb5 24. Rxd5 Kb6 25. Rd7 Rf8 26. Ke2 Rad8 27. Rcd2 Rxd7 28. Rxd7 c5 29. e4 Kc6 30. Re7 b6 31. Ke3 Kd6 32. Rb7 Kc6 33. Re7 f5 34. e5 Kd5 35. f4 c4 36.
Rd7+ Kc5 37. bxc4 bxc4 38. Rd6 g5 39. g3 gxf4+ 40. Kxf4 h5 41. Rh6 Rd8 42. e6 Rd2 43.
Kxf5 Rxb2 44. e7 Rf2+ 45. Ke6 Re2+ 46. Kd7 c3 47. Rxh5+ Kc4 48. Rh6 b5 49. Re6 Rd2+ 50. Kc7 c2 51. Rc6+ Kb3 52. e8=Q Kb2 53. Rxc2+ Rxc2+ 54. Kb6 b4 55. Qe5+ Rc3 56. Kb5 Kb3 57. Qd4 1-0

[Event "*** SCC Grand Prix: Titled Tuesday Blitz"]
[Site "Chess.com"]
[Date "2020.10.06"]
[Round "3"]
[White "WildTricks"]
[Black "FMalexhdez"]
[Result "0-1"]
[WhiteElo "2436"]
[BlackElo "2268"]
[TimeControl "180+1"]
[EndTime "10:27:53 PDT"]
[Termination "FMalexhdez won on time"]

1. e4 c5 2. Nf3 d6 3. d4 cxd4 4. Qxd4 Nc6 5. Qe3 e6 6. Be2 Nf6 7. O-O Be7 8. h3 O-O 9. Rd1 Qc7 10. c4 b6 11. Nc3 Bb7 12. b3 a6 13. Bb2 Rfe8 14. Rac1 Rac8 15. Nd5 exd5 16. cxd5 Qb8 17. dxc6 Bxc6 18. Bd3 Qa8 19. Re1 b5 20. Nd4 Bd7 21.
g4 Rxc1 22. Rxc1 Rc8 23. Rxc8+ Qxc8 24. g5 Ne8 25. Nf5 Bf8 26. Qd4 Qc5 27. Nh6+ Kh8 28. Nxf7+ Kg8 29. Qxc5 dxc5 30. Ne5 Bxh3 31. a4 Nc7 32. f4 Be6 33. Bc2 c4 34. bxc4 Bc5+ 35. Kg2 Bxc4 36. Nxc4 bxc4 37. Bc3 Ne6 38. Kg3 Nd4 39. Bd1 g6 40. f5 gxf5 41. exf5 Nxf5+ 42. Kf4 Ne3 43. Bf3 Kf7 44. Ke5 Ke7 45. Be4 Bd6+ 46. Kd4 Ng4 47. Kxc4 Bf4 48. Bf5 Ne3+ 0-1

[Event "*** SCC Grand Prix: Titled Tuesday Blitz"]
[Site "Chess.com"]
[Date "2020.10.06"]
[Round "3"]
[White "Chessbard1972"]
[Black "GlennTipton"]
[Result "1/2-1/2"]
[WhiteElo "2259"]
[BlackElo "2439"]
[TimeControl "180+1"]
[EndTime "10:27:53 PDT"]
[Termination "Game drawn by repetition"]

1. e4 e5 2. Nf3 Nc6 3. Bb5 a6 4.
Ba4 Nf6 5. d3 d6 6. h3 g6 7. c3 Bg7 8. O-O O-O 9. Bg5 Ne7 10.
Qc1 Nd7 11. c4 f5 12. Bh6 f4 13. Bxg7 Kxg7 14. d4 Nc6 15. Bxc6 bxc6 16. dxe5 Nxe5 17. Nxe5 dxe5 18. f3 Qe7 19. Qc3 Qc5+ 20. Kh1 Qd4 21. Qxd4 exd4 22. c5 Rb8 23. b3 Rb5 24. Rc1 a5 25. Nd2 Re8 26. Rc4 Re5 27. Rac1 Be6 28. Rxd4 Rbxc5 29. Rxc5 Rxc5 30. Nc4 a4 31. Kg1 axb3 32.
axb3 Rb5 33. Rd3 Bxc4 34. bxc4 Rb1+ 35. Kh2 Rc1 36. Rd7+ Kh6 37. h4 Rxc4 38. Rxc7 Rc2 39.
Kh3 c5 40. Rf7 c4 41. Rxf4 c3 42. Rf7 Rc1 43. Rc7 Rc2 44. g3 Rc1 45. g4 g5 46.
Rc6+ Kg7 47. hxg5 Kf7 48. Kg3 Ke7 49. Kf4 Kd7 50. Rc4 Kd6 51. Kf5 c2 52. f4 Kd7 53.
e5 Kd8 54. e6 Ke7 55. Rc3 Kd6 56. Kf6 Rf1 57. Rxc2 Rxf4+ 58. Kg7 Rxg4 59. Kf6 Rf4+ 60.
Kg7 Rg4 61. Kf6 Rf4+ 62. Kg7 Rg4 1/2-1/2

[Event "*** SCC Grand Prix: Titled Tuesday Blitz"]
[Site "Chess.com"]
[Date "2020.10.06"]
[Round "3"]
[White "awesomevishesh"]
[Black "ExcitingTrap"]
[Result "0-1"]
[WhiteElo "2416"]
[BlackElo "2261"]
[TimeControl "180+1"]
[EndTime "10:27:53 PDT"]
[Termination "ExcitingTrap won on time"]

1. e4 e6 2. d4 d5 3. Nc3 Nf6 4. e5 Nfd7 5. f4 c5 6. Nf3 Nc6 7. Be3 f6 8. exf6 Qxf6 9. Qd2 a6 10.
g4 Bd6 11. g5 Qf5 12. Bd3 Qh3 13. Qf2 cxd4 14. Nxd4 Nxd4 15. Bxd4 O-O 16. f5 e5 17.
Nxd5 exd4 18. O-O-O Ne5 19. f6 Be6 20. Qxd4 Nxd3+ 21. Rxd3 Qg2 22. Rhd1 Qxg5+ 23. Kb1 Bxd5 24. fxg7 Rf5 25. c4 Qxg7 26. cxd5 Qxd4 27. Rxd4 Rf2 28. Rg4+ Kf7 29. Re4 Rxh2 30. Re6 Rd8 31. Rf1+ Kg7 32.
a3 Rg2 33. Ref6 Rd7 34. Re6 Rg6 35. Re4 Rg5 36. Rd1 Rg6 37. Re3 Bf4 38. Re4 Bg5 39. Re5 Bf6 40. Re6 Rg2 41. b4 Rb2+ 42. Ka1 Rd2+ 43.
Rxf6 Rxd1+ 0-1

[Event "*** SCC Grand Prix: Titled Tuesday Blitz"]
[Site "Chess.com"]
[Date "2020.10.06"]
[Round "3"]
[White "Igor_Bitensky"]
[Black "beto-betun"]
[Result "0-1"]
[WhiteElo "2316"]
[BlackElo "2160"]
[TimeControl "180+1"]
[EndTime "10:27:53 PDT"]
[Termination "beto-betun won on time"]

1. d4 Nf6 2. Bf4 g6 3. Nc3 d5 4.
Qd2 Bg7 5. O-O-O O-O 6. Bh6 c5 7. Bxg7 Kxg7 8. dxc5 Qa5 9. Kb1 Nc6 10. Nxd5 Qxd2 11.
Rxd2 Ne4 12. Nf3 Nxf2 13. Rg1 Ne4 14. Rd1 Bg4 15. h3 Be6 16. Nc7 Rad8 17. Nxe6+ fxe6 18. Rc1 Nxc5 19. e3 Ne4 20. Bd3 Ng3 21. Rcd1 Rd6 22.
a3 e5 23. Bc4 Rfd8 24. Kc1 Rxd1+ 25. Rxd1 Kf6 26. Rxd8 Nxd8 27. Kd2 e6 28. Ke1 Ne4 29. Bd3 Nc5 30. Bc4 Na4 31. b3 Nc3 32. Kd2 Nb1+ 33. Ke2 Nxa3 34. Bd3 Nb1 35. Nd2 Nc3+ 36. Kf2 Nc6 37. Ne4+ Nxe4+ 38. Bxe4 Nb4 39. Ke2 b6 40. Kd2 a5 41. Kc3 b5 42. Bb7 Nd5+ 43. Kd2 a4 44. bxa4 bxa4 45. c4 a3 46. Kc2 Nxe3+ 47. Kb3 Nxc4 48.
Bc8 Nd6 49. Ba6 e4 50. Kxa3 Ke5 51. Kb2 Kd4 52. Kc1 Ke3 53. Kd1 Kf2 54. g4 e3 55.
g5 Ne4 56. Bc4 Nxg5 0-1

[Event "*** SCC Grand Prix: Titled Tuesday Blitz"]
[Site "Chess.com"]
[Date "2020.10.06"]
[Round "3"]
[White "shineatchess"]
[Black "Region_07"]
[Result "0-1"]
[WhiteElo "2178"]
[BlackElo "2375"]
[TimeControl "180+1"]
[EndTime "10:27:54 PDT"]
[Termination "Region_07 won on time"]

1. e4 Nc6 2. d4 d5 3. e5 f6 4. Bd3 g6 5. f4 Nh6 6. Nf3 Bg7 7. c4 e6 8. O-O O-O 9. Nc3 Nf5 10. Bxf5 gxf5 11.
cxd5 exd5 12. Be3 Be6 13. Qe1 Kh8 14. Bf2 Qe8 15. Bh4 fxe5 16. dxe5 Qh5 17. Ng5 Bg8 18. Rf3 Ne7 19. Rh3 Ng6 20. Bg3 Qg4 21. Ne2 Rae8 22.
Nf3 c5 23. Rc1 b6 24. Qf2 d4 25. Rd1 Rd8 26. Ne1 Bc4 27. Nc1 Bxe5 28. Rd2 Bxf4 29. Bxf4 Qxf4 30. Rf3 Qg5 31. b3 Bd5 32. Rg3 Qf6 33.
Ncd3 f4 34. Rh3 Rg8 35. Nf3 Ne7 36. Re2 Nf5 37. Nfe1 Ne3 38. Qxf4 Qxf4 39. Nxf4 Bb7 40. Rf3 Rdf8 41. Rff2 Ng4 42. Rf1 Ne3 43. Rff2 Rf5 0-1

[Event "*** SCC Grand Prix: Titled Tuesday Blitz"]
[Site "Chess.com"]
[Date "2020.10.06"]
[Round "3"]
[White "Denis_Makhnyov"]
[Black "chessdjw"]
[Result "0-1"]
[WhiteElo "2913"]
[BlackElo "2634"]
[TimeControl "180+1"]
[EndTime "10:27:55 PDT"]
[Termination "chessdjw won on time"]

1. d4 Nf6 2. Bf4 d5 3. e3 c5 4. c3 Nc6 5. Nd2 Bf5 6. Ngf3 e6 7. Qb3 Qc8 8. Be2 c4 9. Qd1 h6 10. a4 Be7 11. Ne5 Nxe5 12. Bxe5 O-O 13. b3 cxb3 14.
Qxb3 Ne4 15. Nxe4 Bxe4 16. O-O b6 17. Rfc1 Qb7 18. a5 Rfc8 19. a6 Qd7 20. Bb5 Qd8 21. Qa4 Bd6 22. Bc6 Bxe5 23. dxe5 Rab8 24. f3 Bd3 25.
Rd1 b5 26. Qd4 Rxc6 27. Rxd3 Qc7 28. e4 Rc4 29. Qe3 dxe4 30. fxe4 Rb6 31. Rd6 Rxc3 32.
Qd4 Rc4 33. Qe3 Rbc6 34. Rad1 b4 35. Rxc6 Rxc6 36. Rd6 Rc1+ 37. Kf2 Rc2+ 38. Kg1 Rc3 39. Qd4 Rc1+ 40. Kf2 Qc2+ 41. Kg3 Qb3+ 42. Kh4 Rc4 43. Rd8+ Kh7 0-1

[Event "*** SCC Grand Prix: Titled Tuesday Blitz"]
[Site "Chess.com"]
[Date "2020.10.06"]
[Round "3"]
[White "Xeniya2005"]
[Black "AliKa2810"]
[Result "0-1"]
[WhiteElo "2384"]
[BlackElo "2568"]
[TimeControl "180+1"]
[EndTime "10:27:55 PDT"]
[Termination "AliKa2810 won on time"]

1. e4 e6 2. d4 d5 3. Nd2 c5 4. exd5 exd5 5. Bb5+ Nc6 6. Qe2+ Qe7 7. dxc5 Qxe2+ 8. Nxe2 Bxc5 9. Nb3 Bb6 10. Bd2 Nf6 11.
Ba5 Bxa5+ 12. Nxa5 O-O 13. Nxc6 bxc6 14. Bxc6 Rb8 15.
O-O-O Rb6 16. Ba4 Ng4 17. Rxd5 Nxf2 18. Rg1 g6 19. Nc3 Be6 20. Rd4 Ng4 21. h3 Ne3 22.
Rd3 Nc4 23. Bb3 Rc8 24. Re1 Kg7 25. g4 a5 26. Rd4 Rbc6 27. Nd5 Bxd5 28. Rxd5 R6c7 29.
c3 h6 30. Re4 Nb6 31. Rxa5 Rd7 32. Rae5 Rcd8 33. Re7 Rd6 34. Rxf7+ Kh8 35. Ree7 Nd5 36. Rh7+ Kg8 37. Reg7+ Kf8 38. Rf7+ Kg8 39. Rhg7+ Kh8 40. c4 Ne3 41. c5 Rd1+ 0-1

[Event "*** SCC Grand Prix: Titled Tuesday Blitz"]
[Site "Chess.com"]
[Date "2020.10.06"]
[Round "3"]
[White "Alexander_Donchenko"]
[Black "Nikolaj_6"]
[Result "1-0"]
[WhiteElo "2767"]
[BlackElo "2545"]
[TimeControl "180+1"]
[EndTime "10:27:57 PDT"]
[Termination "Alexander_Donchenko won by resignation"]

1. Nf3 d5 2. g3 Nf6 3. Bg2 e6 4. O-O b5 5. d3 Bb7 6. c4 bxc4 7. dxc4 dxc4 8. Qa4+ Nbd7 9. Rd1 Bd6 10. Nbd2 c3 11. Nc4 O-O 12. Nxd6 cxd6 13. Rxd6 cxb2 14.
Bxb2 Nb6 15. Rxd8 Nxa4 16. Rxa8 Rxa8 17. Bd4 Bd5 18. Ne5 Bxg2 19. Kxg2 Nb6 20. Rb1 h6 21.
Nc6 Nfd7 22. Rb4 f6 23. a4 e5 24. Be3 Nd5 25. Rb5 Nxe3+ 26. fxe3 a6 27. Rb4 Nc5 28. a5 Kh7 29. Rc4 Nb3 30. Rc3 Rc8 31. Rxb3 Rxc6 32.
Rb6 Rc3 33. Kf3 f5 34. Rxa6 g5 35. Rf6 f4 36. gxf4 gxf4 37. Kf2 Rxe3 38. a6 Ra3 39.
Re6 Ra5 40. Kf3 Kg7 41. Ke4 Ra3 42. Kxe5 f3 43. exf3 Rxf3 44. a7 Ra3 45. Re7+ Kg6 46. Kd6 Kg5 47. Kc6 h5 48. Kb7 Kg4 49. a8=Q Rxa8 50.
Kxa8 Kf3 51. Rb7 h4 52. Rb2 1-0

[Event "*** SCC Grand Prix: Titled Tuesday Blitz"]
[Site "Chess.com"]
[Date "2020.10.06"]
[Round "3"]
[White "Mr_Sinigami"]
[Black "LubovMarkelova"]
[Result "1-0"]
[WhiteElo "2501"]
[BlackElo "2221"]
[TimeControl "180+1"]
[EndTime "10:27:57 PDT"]
[Termination "Mr_Sinigami won on time"]

1. c4 c6 2. Nf3 d5 3. b3 Nf6 4.
Bb2 Bf5 5. e3 h6 6. Be2 e6 7.
O-O Nbd7 8. d4 Be7 9. Nc3 O-O 10.
Bd3 Bxd3 11. Qxd3 a5 12. e4 dxe4 13. Nxe4 Nxe4 14. Qxe4 Nf6 15. Qe2 a4 16. Bc3 axb3 17.
axb3 Qb6 18. Qc2 Bb4 19. h3 Rfd8 20. Rfd1 Nh5 21. Bb2 Nf4 22. Qe4 Ng6 23. h4 Qc7 24. g3 Bd6 25. Kg2 Rxa1 26. Rxa1 c5 27. dxc5 Bxc5 28.
h5 Ne7 29. Bc3 Qc6 30. Qe2 Nf5 31. Rd1 Rxd1 32. Qxd1 Kh7 33. Qd3 Qd6 34. Qe4 Kg8 35.
Qxb7 Bxf2 36. Kxf2 Qxg3+ 37. Ke2 Qg2+ 38. Kd3 Nd6 39.
Qb8+ Kh7 40. Qxd6 Qxf3+ 41. Kc2 Qe2+ 42. Qd2 1-0

[Event "*** SCC Grand Prix: Titled Tuesday Blitz"]
[Site "Chess.com"]
[Date "2020.10.06"]
[Round "3"]
[White "tmr88"]
[Black "LaPorfia"]
[Result "1-0"]
[WhiteElo "2112"]
[BlackElo "2306"]
[TimeControl "180+1"]
[EndTime "10:27:57 PDT"]
[Termination "tmr88 won by checkmate"]

1. e4 d5 2. exd5 Nf6 3. d4 Bg4 4. Nf3 Qxd5 5. Be2 Nc6 6. c3 O-O-O 7. O-O Qh5 8. Nbd2 e5 9. h3 e4 10. hxg4 Nxg4 11. Nxe4 Nce5 12. Bf4 Nxf3+ 13. Bxf3 f5 14. Ng3 Qg6 15. Nxf5 h5 16. Ne3 Bd6 17. Bxd6 Qxd6 18. Bxg4+ hxg4 19. Qxg4+ Kb8 20. Qg3 Qh6 21. f4 Rde8 22. Kf2 Qa6 23. Rh1 Rxh1 24. Rxh1 Qxa2 25. Nd1 Qe6 26. Qf3 a5 27. d5 Qb6+ 28. Kg3 Qg6+ 29. Kf2 Qc2+ 30. Kg3 Qg6+ 31. Kh2 Qc2 32. Rf1 Rf8 33. Kg1 g5 34. Qf2 Qh7 35. g3 g4 36. Qg2 Qd3 37. Re1 b6 38. Ne3 a4 39.
Nxg4 a3 40. bxa3 Qxc3 41. Qf2 Rg8 42. Ne3 Qxa3 43. Kg2 Qf8 44. Qf3 Qf7 45. Ng4 Qg7 46. Ne5 Rh8 47. Nc6+ Kb7 48. Ra1 Ra8 49. Rxa8 Kxa8 50.
Qa3+ Kb7 51. Qa7+ Kc8 52. Qb8+ Kd7 53. Qd8# 1-0

[Event "*** SCC Grand Prix: Titled Tuesday Blitz"]
[Site "Chess.com"]
[Date "2020.10.06"]
[Round "3"]
[White "Tash_Boy"]
[Black "alejanchess73"]
[Result "1-0"]
[WhiteElo "2671"]
[BlackElo "2434"]
[TimeControl "180+1"]
[EndTime "10:27:58 PDT"]
[Termination "Tash_Boy won by resignation"]

1. e4 e6 2. d4 d5 3. e5 c5 4. c3 Nc6 5. a3 Qb6 6. Nf3 cxd4 7. cxd4 Nh6 8. Bd3 Bd7 9. Bc2 a5 10. Bxh6 gxh6 11. O-O Bg7 12. b3 Ne7 13. Nc3 Ng6 14.
Ne2 O-O 15. Ng3 f5 16. exf6 Bxf6 17. Nh5 Bh8 18. Qd2 Rac8 19. Rfe1 Qc7 20. Bxg6 hxg6 21.
Qxh6 gxh5 22. Ng5 Qc2 23. Ra2 Qf5 24. Qxh5 Bxd4 25. g4 Be8 26. Qh4 Bxf2+ 27. Rxf2 Qxf2+ 28.
Qxf2 Rxf2 29. Kxf2 Rc2+ 30. Kg3 Rc3+ 31. Kf4 Rxb3 32.
Rxe6 Bf7 33. Re7 Bg6 34. h4 Kf8 35. Rc7 d4 36. h5 Be8 37. Nh7+ Kg8 38. Nf6+ Kf8 39.
h6 Bg6 40. Kg5 Bb1 41. h7 Bxh7 42. Nxh7+ Ke8 43. Nf6+ Kd8 44. Rd7+ Kc8 45. Rxd4 Rxa3 46. Kf4 a4 47. g5 Ra1 48. g6 Rg1 49. Ng4 Rf1+ 50.
Kg5 Rf8 51. g7 Rg8 52. Kg6 b5 53. Rd5 b4 54. Rd4 Rd8 55. Rxb4 1-0